 Dungeon Crawl Stone Soup version 0.24.0-123-gd5b16e6ec5 (webtiles) character file.

Game seed: 12104061689980535771, levelgen mode: deterministic

1357 Delamore the Cleaver (level 8, -7/64 HPs)
             Began as a Hill Orc Fighter on Dec 28, 2019.
             Mangled by a troll (10 damage)
             ... on level 7 of the Dungeon.
             The game lasted 00:05:04 (4495 turns).

Delamore the Cleaver (Hill Orc Fighter)             Turns: 4495, Time: 00:05:05

Health: -7/64      AC: 10    Str: 21    XL:     8   Next: 64%
Magic:  8/8        EV: 12    Int:  8    God:
Gold:   291        SH:  9    Dex: 15    Spells: 7/7 levels left

rFire    + . .     SeeInvis .   a - +0 war axe
rCold    . . .     Gourm    .   c - +0 shield
rNeg     . . .     Faith    .   b - +0 scale mail
rPois    +         Spirit   .   (no helmet)
rElec    .         Reflect  .   w - +1 cloak {rPois}
rCorr    +         Harm     .   y - +0 pair of gloves
MR       .....                  (no boots)
Stlth    +.........             n - amulet of magic regeneration
HPRegen  0.20/turn              i - ring of resist corrosion
MPRegen  0.36/turn              A - ring of protection from fire

@: agile, flying
A: no striking features
a: no special abilities


You were on level 7 of the Dungeon.
You were not hungry.

You visited 1 branch of the dungeon, and saw 7 of its levels.

You collected 291 gold pieces.

Inventory:

Hand Weapons
 a - a +0 war axe (weapon)
Missiles
 p - 6 javelins (quivered)
Armour
 b - a +0 scale mail (worn)
 c - a +0 shield (worn)
 w - a +1 cloak of poison resistance (worn)
 y - a +0 pair of gloves (worn)
Jewellery
 i - a ring of resist corrosion (left hand)
 n - an amulet of magic regeneration (around neck)
 u - an uncursed ring of poison resistance
 A - a ring of protection from fire (right hand)
 F - an uncursed ring of ice
Wands
 r - a wand of random effects (19)
 G - a wand of iceblast (10)
Scrolls
 e - 3 scrolls of fog
 j - 6 scrolls of remove curse
 l - 2 scrolls of fear
 m - 2 scrolls of random uselessness {unknown}
 q - 2 scrolls of magic mapping {unknown}
 v - 6 scrolls of identify
 x - 2 scrolls of teleportation {unknown}
 z - a scroll of immolation {unknown}
 C - a scroll of noise {unknown}
 D - 2 scrolls of blinking {unknown}
Potions
 d - a potion of might
 g - a potion of haste {unknown}
 h - a potion of brilliance {unknown}
 k - a potion of curing {unknown}
 o - a potion of resistance {unknown}
 t - a potion of degeneration {unknown}
 E - a potion of flight
Comestibles
 f - 12 rations
 s - 2 chunks of flesh


   Skills:
 - Level 3.6 Fighting
 + Level 13.1 Axes
 - Level 3.2 Armour
 - Level 3.2 Shields


You had 7 spell levels left.
You didn't know any spells.
Your spell library was empty.

Dungeon Overview and Level Annotations

Branches:
Dungeon (7/15)
 Temple: D:4-7

Altars:
Fedhas
Nemelex Xobeh
Okawaru
Trog


Message History

The troll is moderately wounded.
The troll bites you! The troll claws you.
* * * LOW HITPOINT WARNING * * *
You block the troll's attack.
You are too injured to fight recklessly!
You are too injured to fight recklessly!
You are too injured to fight recklessly!
You are too injured to fight recklessly!
You are too injured to fight recklessly!
A troll is nearby!
It was a potion of flight.
You feel very buoyant.
You fly up into the air.
The troll bites you!
* * * LOW HITPOINT WARNING * * *
You block the troll's attack. The troll closely misses you.
It was a potion of agility.
You feel agile all of a sudden. You block the troll's attack.
The troll claws you but does no damage. The troll claws you!
You die...

.. #. ... ). #.
..##.._ #. ...#.).
#. ......
#.########.#... #
#.).........#
#.#..#####...##
##.#.<@T.......###.
#...#.###?.........#
#.#.#..#
#$.....###.#
#.##.###.#.#..#
#.............#
#...........#.#.....
##.###..###.....##.#
# ...... ..#.### .#
#............ #


You could see a troll.

Vanquished Creatures
  A phantom (D:5)
  3 centaurs
  A scorpion (D:5)
  2 crimson imps
  A bullfrog zombie (D:5)
  2 hounds
  4 orc wizards
  Crazy Yiuf (D:2)
  2 orc priests
  A bullfrog skeleton (D:5)
  Jessica (D:2)
  An iguana (D:5)
  10 worker ants
  A hound zombie (D:5)
  4 gnolls (D:4)
  11 adders
  2 oozes
  An adder zombie (D:5)
  4 worms
  2 dart slugs
  5 leopard geckos
  12 orcs
  2 ball pythons
  7 giant cockroaches
  10 hobgoblins
  13 jackals
  8 kobolds
  5 quokkas
  7 bats
  9 frilled lizards
  3 goblins
  8 rats
144 creatures vanquished.

Notes
Turn   | Place    | Note
-------+----------+-------------------------------------------
     0 | D:1      | Delamore the Hill Orc Fighter began the quest for the Orb.
     0 | D:1      | Reached XP level 1. HP: 19/19 MP: 1/1
    10 | D:1      | Reached skill level 3 in Axes
    38 | D:1      | Reached XP level 2. HP: 26/26 MP: 2/2
   191 | D:1      | Reached skill level 4 in Axes
   354 | D:1      | Reached XP level 3. HP: 20/31 MP: 3/3
   617 | D:1      | Reached skill level 5 in Axes
   906 | D:2      | Reached XP level 4. HP: 39/39 MP: 4/4
   969 | D:2      | Noticed Jessica
   985 | D:2      | Killed Jessica
   985 | D:2      | Reached skill level 6 in Axes
  1152 | D:2      | Found a runed translucent door.
  1153 | D:2      | Noticed Crazy Yiuf
  1291 | D:2      | Reached XP level 5. HP: 27/45 MP: 5/5
  1522 | D:2      | Killed Crazy Yiuf
  1522 | D:2      | Reached skill level 7 in Axes
  1724 | D:3      | Reached skill level 8 in Axes
  1744 | D:3      | Reached XP level 6. HP: 48/51 MP: 6/6
  2033 | D:3      | Found a blossoming altar of Fedhas.
  2217 | D:4      | Reached skill level 9 in Axes
  2510 | D:4      | Reached XP level 7. HP: 53/57 MP: 7/7
  2731 | D:4      | Reached skill level 10 in Axes
  2856 | D:5      | Entered Level 5 of the Dungeon
  3034 | D:5      | Found a bloodstained altar of Trog.
  3218 | D:5      | Reached skill level 11 in Axes
  3299 | D:5      | Reached XP level 8. HP: 40/64 MP: 8/8
  3462 | D:5      | Reached skill level 12 in Axes
  3463 | D:5      | Found a sparkling altar of Nemelex Xobeh.
  3944 | D:6      | Reached skill level 13 in Axes
  4481 | D:7      | Noticed a troll
  4484 | D:7      | Found an iron altar of Okawaru.
  4494 | D:7      | HP: 3/64 [troll (15)]
  4495 | D:7      | Mangled by a troll

Levels and vault maps discovered:
D:1:      saegor_arrival_simple_b, layout_loops_cross
D:2:      layout_loops_ring, uniq_jessica, uniq_crazy_yiuf_cottage
D:3:      layout_loops_cross, fedhas_altar_3
D:4:      layout_loops_ring
D:5:      layout_loops_ring, nemelex_xobeh_ov_fountains_minmay, first_ration,
          trog_book
D:6:      layout_gridville, minmay_misc_feat_five
D:7:      wander_river, layout_loops_ring, temple_green, serial_glass,
          glass_columns_a, glass_columns_a, glass_columns_a, glass_columns_a,
          glass_columns_b, glass_columns_c, glass_columns_a, glass_columns_b,
          chequers_avenue, okawaru_ov_weapons_minmay

Skill      XL: |  1  2  3  4  5  6  7  8 |
---------------+-------------------------+-----
Axes           | 3 4 5 6 8 9 11 13 | 13.1
Fighting       | |  3.6
Armour         | |  3.2
Shields        | |  3.2

Action                   |  1- 3 |  4- 6 |  7- 9 || total
-------------------------+-------+-------+-------++-------
Melee: War axe           |    98 |   239 |   203 ||   540
  Use: Scroll            |     3 |       |       ||     3
       Potion            |       |       |     2 ||     2
  Eat: Chunk             |       |     6 |     6 ||    12
Armor: Scale mail        |    43 |   112 |    73 ||   228
Dodge: Dodged            |    32 |    85 |    31 ||   148
Block: Shield            |    60 |   126 |    77 ||   263
